Map: Prion Terraces

Players

Limbic

  • Race: Protoss Protoss
  • League: Diamond

llllllllllll - Winner!

  • Race: Protoss Protoss

Event: Gauntlet LotV Series 1 Qualifier 1

VOD

Have the link to the VOD?

Description

Time

  • Played on: Nov. 22, 2015, 3:58 p.m.
  • Length: 7:49

All games in this series

Show
View Real Time Build Order
Export as new Build Order

Limbic Protoss 

Build Orders: Blink Stalkers 

Get SALT Encoding   

  12  0:01  Probe (Chrono Boost)  
  13  0:12  Probe (Chrono Boost)  
  14  0:17  Pylon  
  14  0:22  Probe (Chrono Boost)  
  15  0:35  Probe (Chrono Boost)  
  16  0:37  Gateway  
  16  0:47  Assimilator  
  16  0:48  Assimilator  
  16  0:51  Probe (Chrono Boost)  
  17  1:02  Probe (Chrono Boost)  
  17  1:03  Pylon  
  18  1:12  Probe (Chrono Boost)  
  19  1:23  Probe (Chrono Boost)  
  19  1:24  Cybernetics Core  
  20  1:34  Probe (Chrono Boost)  
  21  1:44  Probe (Chrono Boost)  
  22  1:55  Probe (Chrono Boost)  
  22  2:00  Adept, Warp Gate  
  25  2:08  Mothership Core (Chrono Boost)  
  29  2:32  Nexus  
  29  2:38  Pylon  
  29  2:43  Probe (Chrono Boost)  
  28  2:49  Twilight Council  
  28  2:53  Probe (Chrono Boost)  
  28  2:55  Pylon  
  29  3:04  Probe (Chrono Boost)  
  30  3:11  Gateway  
  30  3:13  Gateway  
  27  3:28  Blink  
  27  3:32  Probe (Chrono Boost)  
  28  3:42  Probe (Chrono Boost)  
  29  3:49  Probe (Chrono Boost), Robotics Facility  
  29  3:53  Probe (Chrono Boost)  
  31  3:59  Probe (Chrono Boost)  
  32  4:03  Probe (Chrono Boost)  
  31  4:15  Probe (Chrono Boost)  
  31  4:16  Probe (Chrono Boost)  
  29  4:19  Stalker x2  
  29  4:20  Stalker  
  35  4:26  Probe (Chrono Boost)  
  35  4:27  Probe (Chrono Boost)  
  37  4:35  Pylon  
  33  4:52  Probe x2 (Chrono Boost)  
  35  4:54  Pylon  
  35  5:03  Probe x2 (Chrono Boost)  
  37  5:09  Immortal  
  41  5:17  Probe x2 (Chrono Boost)  
  41  5:20  Sentry x2  
  47  5:28  Probe x2 (Chrono Boost)  
  49  5:31  Stalker  
  51  5:39  Probe x2 (Chrono Boost)  
  53  5:49  Probe (Chrono Boost)  
  55  5:50  Probe (Chrono Boost)  
  55  5:51  Observer  
  56  5:57  Robotics Bay  
  56  6:02  Probe x2 (Chrono Boost)  
  57  6:12  Probe (Chrono Boost)  
  57  6:13  Probe (Chrono Boost)  
  57  6:16  Assimilator  
  59  6:19  Assimilator  
  59  6:23  Probe x2 (Chrono Boost)  
  61  6:29  Stalker x3  
  67  6:35  Pylon  
  67  6:36  Probe x2 (Chrono Boost)  
  67  6:37  Pylon  
  69  6:43  Disruptor  
  69  6:46  Probe x2 (Chrono Boost)  
  74  6:56  Forge  
  74  7:01  Probe x2 (Chrono Boost)  
  76  7:13  Stalker x2  
  76  7:14  Stalker  
  56  7:30  Stalker x2  
  56  7:31  Stalker  
  57  7:46  Gateway  
  57  7:47  Gateway  
Show
View Real Time Build Order
Export as new Build Order

llllllllllll Protoss - Winner!

Build Orders: Oracle Opening 

Get SALT Encoding   

  12  0:00  Probe (Chrono Boost)  
  13  0:11  Probe (Chrono Boost)  
  14  0:19  Pylon  
  14  0:22  Probe (Chrono Boost)  
  15  0:37  Probe (Chrono Boost)  
  15  0:39  Gateway  
  16  0:45  Assimilator  
  16  0:48  Probe (Chrono Boost)  
  17  0:51  Assimilator  
  17  0:58  Probe (Chrono Boost)  
  18  1:08  Pylon  
  18  1:09  Probe (Chrono Boost)  
  19  1:19  Probe (Chrono Boost)  
  20  1:27  Cybernetics Core  
  20  1:30  Probe (Chrono Boost)  
  21  1:40  Probe (Chrono Boost)  
  22  1:59  Nexus  
  22  2:04  Mothership Core (Chrono Boost)  
  24  2:10  Adept  
  24  2:13  Warp Gate  
  26  2:27  Probe (Chrono Boost), Stargate  
  27  2:37  Pylon  
  27  2:38  Probe (Chrono Boost)  
  28  2:48  Probe (Chrono Boost), Adept  
  31  3:05  Probe (Chrono Boost)  
  32  3:08  Pylon  
  32  3:11  Oracle (Chrono Boost)  
  32  3:12  Probe (Chrono Boost)  
  36  3:21  Probe  
  36  3:22  Probe  
  38  3:33  Probe x2 (Chrono Boost)  
  37  3:38  Pylon  
  38  3:41  Robotics Facility  
  38  3:46  Probe (Chrono Boost)  
  38  3:47  Probe (Chrono Boost)  
  40  3:56  Gateway  
  40  3:57  Probe x2 (Chrono Boost)  
  42  4:08  Probe (Chrono Boost)  
  42  4:09  Probe (Chrono Boost)  
  44  4:14  Gateway  
  43  4:18  Probe (Chrono Boost)  
  43  4:20  Probe (Chrono Boost)  
  45  4:28  Assimilator  
  45  4:29  Probe (Chrono Boost)  
  45  4:30  Probe (Chrono Boost)  
  48  4:31  Observer, Assimilator  
  48  4:32  Void Ray  
  52  4:39  Probe (Chrono Boost)  
  52  4:41  Probe (Chrono Boost)  
  54  4:51  Probe x2 (Chrono Boost)  
  60  4:52  Immortal (Chrono Boost)  
  60  5:02  Pylon  
  60  5:06  Pylon  
  60  5:10  Void Ray  
  64  5:30  Gateway  
  64  5:31  Immortal (Chrono Boost)  
  64  5:33  Gateway  
  68  5:36  Gateway  
  68  5:37  Pylon  
  68  5:47  Void Ray  
  68  5:48  Gateway  
  68  5:51  Gateway  
  72  6:06  Immortal (Chrono Boost)  
  72  6:07  Sentry  
  72  6:08  Sentry  
  72  6:09  Adept  
  82  6:17  Pylon  
  82  6:20  Pylon  
  82  6:26  Stalker  
  82  6:30  Stalker  
  86  6:36  Stalker x2  
  86  6:38  Stalker  
  86  6:39  Warp Prism (Chrono Boost)  
  94  6:45  Stalker  
  94  6:46  Stalker  
  98  6:53  Stalker  
  100  7:00  Pylon  
  100  7:01  Pylon  
  100  7:04  Stalker  
  100  7:05  Stalker  
  85  7:35  Stalker x3  
  85  7:36  Stalker x4  
  99  7:40  Stalker  
Tags
 
Add a new tag
Caveats
  • Supply blocks, unpowered buildings, or Contaminate may cause inaccurate times.
  • Supply counts are checked every 10 seconds.